PL
PORTLAND EVERGREENS @ PHOENIX HOTSPUR
09/16/2031
 
TOP OF THE 1ST
Portland Evergreens batting - Pitching for Phoenix Hotspur : LHP Alejandro Guerra
Pitching: LHP Alejandro Guerra
Batting: SHB Willie McGirt 0-0: Called Strike
0-1: Fly out, F7 (Line Drive, 78XD)
Batting: LHB John Ennis 0-0: Foul Ball, location: 2F
0-1: Ball
1-1: Foul Ball, location: 2F
1-2: Strikes out looking
Batting: RHB Nelson Jaramillo 0-0: Swinging Strike
0-1: Ball
1-1: SOLO HOME RUN (Flyball, 7D), Distance : 390 ft
Batting: RHB Tae-cho Han 0-0: SOLO HOME RUN (Flyball, 7LD), Distance : 364 ft
Batting: SHB Billy Dotson 0-0: Called Strike
0-1: Called Strike
0-2: Ball
1-2: Fly out, F7 (Flyball, 7S)
Top of the 1st over - 2 runs, 2 hits, 0 errors, 0 left on base; Portland 2 - Phoenix 0
BOTTOM OF THE 1ST
Phoenix Hotspur batting - Pitching for Portland Evergreens : RHP Giovanni Mireles
Pitching: RHP Giovanni Mireles
Batting: RHB Kyle Bywaters 0-0: Ball
1-0: Ball
2-0: Ball
3-0: Called Strike
3-1: Base on Balls
Batting: RHB Roland Deschain 0-0: Foul Ball, location: 2F
0-1: Ball
1-1: Ball
2-1: Called Strike
2-2: Fly out, F5 (Popup, 56S)
Batting: LHB Francisco García 0-0: Ball
1-0: Called Strike
1-1: Ball
2-1: Fielders Choice at 2nd, 6-4 (Groundball, 56)
Batting: LHB Tadayoshi Watanabe 0-0: Ball
1-0: Ball
2-0: Foul Ball, location: 2F
2-1: Foul Ball, location: 2F
2-2: Strikes out swinging
Bottom of the 1st over - 0 runs, 0 hits, 0 errors, 1 left on base; Portland 2 - Phoenix 0
TOP OF THE 2ND
Portland Evergreens batting - Pitching for Phoenix Hotspur : LHP Alejandro Guerra
Batting: RHB Carlos Cardona 0-0: Ground out 6-3 (Groundball, 6)
Batting: RHB Wei-qiang Mo 0-0: Called Strike
0-1: Ball
1-1: Called Strike
1-2: Ball
2-2: Strikes out swinging
Batting: LHB Shahid Afridi 0-0: Called Strike
0-1: Ball
1-1: Called Strike
1-2: Ball
2-2: Foul Ball, location: 2F
2-2: Strikes out swinging
Top of the 2nd over - 0 runs, 0 hits, 0 errors, 0 left on base; Portland 2 - Phoenix 0
BOTTOM OF THE 2ND
Phoenix Hotspur batting - Pitching for Portland Evergreens : RHP Giovanni Mireles
Batting: RHB Randy Rehling 0-0: Called Strike
0-1: Ball
1-1: Ball
2-1: Ground out 6-3 (Groundball, 6)
Batting: RHB Hieronymus Bosch 0-0: Ball
1-0: Called Strike
1-1: Ground out 6-3 (Groundball, 6D)
Batting: RHB Alfredo Pizarro 0-0: Foul Ball, location: 2F
0-1: Swinging Strike
0-2: Ball
1-2: Strikes out swinging
Bottom of the 2nd over - 0 runs, 0 hits, 0 errors, 0 left on base; Portland 2 - Phoenix 0
TOP OF THE 3RD
Portland Evergreens batting - Pitching for Phoenix Hotspur : LHP Alejandro Guerra
Batting: LHB Ramón Garmendia 0-0: Foul Ball, location: 2F
0-1: Ball
1-1: Ball
2-1: Foul Ball, location: 2F
2-2: Ball
3-2: Foul Ball, location: 2F
3-2: Base on Balls
Batting: SHB Willie McGirt 0-0: Foul Ball, location: 2F
0-1: Ball
1-1: Ball
2-1: 2-RUN HOME RUN (Flyball, 78XD), Distance : 410 ft
Batting: LHB John Ennis 0-0: Called Strike
0-1: Ball
1-1: Ball
2-1: Ball
3-1: SINGLE (Groundball, 6D)
Batting: RHB Nelson Jaramillo 0-0: SINGLE (Groundball, 2R) (infield hit)
John Ennis to second
Batting: RHB Tae-cho Han 0-0: Foul Ball, location: 2F
0-1: Swinging Strike
0-2: Ball
1-2: Ball
2-2: Strikes out looking
Batting: SHB Billy Dotson 0-0: Ball
1-0: Fielders Choice at 2nd, 3-6 (Groundball, 34)
John Ennis to third
Batting: RHB Carlos Cardona 0-0: Ball
1-0: Foul Ball, location: 2F
1-1: Ball
2-1: Ball
3-1: SINGLE (Line Drive, 6D)
John Ennis scores
Billy Dotson to second
Batting: RHB Wei-qiang Mo 0-0: Ball
1-0: Foul Ball, location: 2F
1-1: Ground out 4-3 (Groundball, 4)
Top of the 3rd over - 3 runs, 4 hits, 0 errors, 2 left on base; Portland 5 - Phoenix 0
BOTTOM OF THE 3RD
Phoenix Hotspur batting - Pitching for Portland Evergreens : RHP Giovanni Mireles
Batting: LHB Wagaw Lukongolo 0-0: Called Strike
0-1: Ball
1-1: Swinging Strike
1-2: Ball
2-2: Foul Ball, location: 2F
2-2: Ball
3-2: Fly out, F7 (Flyball, 7)
Batting: RHB Julián De Paz 0-0: Swinging Strike
0-1: Ball
1-1: Ball
2-1: Ball
3-1: Foul Ball, location: 2F
3-2: Strikes out swinging
Batting: RHB Kyle Bywaters 0-0: Ball
1-0: SINGLE (Flyball, 7LS)
Batting: RHB Roland Deschain 0-0: Ball
1-0: Called Strike
1-1: Fielders Choice at 2nd, 5-4 (Groundball, 5)
Bottom of the 3rd over - 0 runs, 1 hit, 0 errors, 1 left on base; Portland 5 - Phoenix 0
TOP OF THE 4TH
Portland Evergreens batting - Pitching for Phoenix Hotspur : LHP Alejandro Guerra
Batting: LHB Shahid Afridi 0-0: Fly out, F8 (Flyball, 8RD)
Batting: LHB Ramón Garmendia 0-0: Foul Ball, location: 2F
0-1: Ball
1-1: SINGLE (Line Drive, 4MD)
Batting: SHB Willie McGirt 0-0: Called Strike
Throwing error on steal attempt, E2
Ramón Garmendia to third
0-1: Ball
1-1: Swinging Strike
1-2: Foul Ball, location: 2F
1-2: Ball
2-2: Strikes out looking
Batting: LHB John Ennis 0-0: Ball
1-0: Swinging Strike
1-1: Foul Ball, location: 2F
1-2: Ball
2-2: Ball
3-2: Base on Balls
Batting: RHB Nelson Jaramillo 0-0: Called Strike
0-1: Foul Ball, location: 2F
0-2: Ball
1-2: Fly out, F7 (Flyball, 78S)
Top of the 4th over - 0 runs, 1 hit, 1 error, 2 left on base; Portland 5 - Phoenix 0
BOTTOM OF THE 4TH
Phoenix Hotspur batting - Pitching for Portland Evergreens : RHP Giovanni Mireles
Batting: LHB Francisco García 0-0: Foul Ball, location: 2F
0-1: Ball
1-1: Ball
2-1: Foul Ball, location: 2F
2-2: SINGLE (Line Drive, 4M)
Batting: LHB Tadayoshi Watanabe 0-0: Ball
1-0: Called Strike
Francisco García steals 2nd base
1-1: Called Strike
1-2: Ball
2-2: Foul Ball, location: 2F
2-2: Ball
3-2: DOUBLE (Line Drive, 89D)
Francisco García scores
Batting: RHB Randy Rehling 0-0: Foul Ball, location: 2F
0-1: SINGLE (Line Drive, 9LS)
Tadayoshi Watanabe to third
Batting: RHB Hieronymus Bosch 0-0: SINGLE (Groundball, 4MD)
Tadayoshi Watanabe scores
Randy Rehling to second
Batting: RHB Alfredo Pizarro 0-0: Called Strike
0-1: Foul Ball, location: 2F
0-2: Ball
1-2: Strikes out swinging
Batting: LHB Wagaw Lukongolo 0-0: Ball
1-0: Called Strike
1-1: Swinging Strike
1-2: Strikes out looking
Batting: RHB Julián De Paz 0-0: Swinging Strike
0-1: Ball
1-1: Swinging Strike
1-2: Strikes out swinging
Bottom of the 4th over - 2 runs, 4 hits, 0 errors, 2 left on base; Portland 5 - Phoenix 2
TOP OF THE 5TH
Portland Evergreens batting - Pitching for Phoenix Hotspur : LHP Alejandro Guerra
Batting: RHB Tae-cho Han 0-0: Ball
1-0: Ball
2-0: Ball
3-0: Base on Balls
Batting: SHB Billy Dotson 0-0: Called Strike
0-1: Ball
1-1: Ball
Wild Pitch!
Tae-cho Han to second
2-1: Ball
3-1: Called Strike
3-2: Base on Balls
Batting: RHB Carlos Cardona 0-0: Ball
1-0: Ball
2-0: Called Strike
2-1: DOUBLE (Flyball, 78XD)
Tae-cho Han scores
Billy Dotson to third
Batting: RHB Wei-qiang Mo 0-0: SINGLE (Line Drive, 56D)
Billy Dotson scores
Carlos Cardona to third
Batting: LHB Shahid Afridi 0-0: Called Strike
0-1: Swinging Strike
0-2: Ball
1-2: Strikes out looking
Batting: LHB Ramón Garmendia 0-0: Ball
1-0: Grounds into double play, 4-6-3 (Groundball, 34)
Top of the 5th over - 2 runs, 2 hits, 0 errors, 1 left on base; Portland 7 - Phoenix 2
BOTTOM OF THE 5TH
Phoenix Hotspur batting - Pitching for Portland Evergreens : RHP Giovanni Mireles
Batting: RHB Kyle Bywaters 0-0: Ball
1-0: Ball
2-0: Fly out, F4 (Line Drive, 4)
Batting: RHB Roland Deschain 0-0: Called Strike
0-1: DOUBLE (Groundball, 5L)
Batting: LHB Francisco García 0-0: Foul Ball, location: 2F
0-1: Ball
1-1: Ball
2-1: Ball
3-1: Swinging Strike
3-2: Base on Balls
Batting: LHB Tadayoshi Watanabe 0-0: Swinging Strike
0-1: Foul Ball, location: 2F
0-2: Strikes out looking
Batting: RHB Randy Rehling 0-0: Foul Ball, location: 2F
0-1: Hit by Pitch
Roland Deschain to third
Francisco García to second
Batting: RHB Hieronymus Bosch 0-0: Called Strike
0-1: Swinging Strike
0-2: Strikes out swinging
Bottom of the 5th over - 0 runs, 1 hit, 0 errors, 3 left on base; Portland 7 - Phoenix 2
TOP OF THE 6TH
Portland Evergreens batting - Pitching for Phoenix Hotspur : LHP Alejandro Guerra
Pitching: RHP José Ruíz
Batting: SHB Willie McGirt 0-0: Ball
1-0: Foul Ball, location: 2F
1-1: Called Strike
1-2: Foul Ball, location: 2F
1-2: Foul Ball, location: 2F
1-2: SINGLE (Line Drive, 4D)
Batting: LHB John Ennis 0-0: Ball
1-0: Swinging Strike
1-1: Called Strike
1-2: Strikes out swinging
Batting: RHB Nelson Jaramillo 0-0: Called Strike
Willie McGirt steals 2nd base
0-1: Ball
1-1: Called Strike
1-2: Fly out, F8 (Flyball, 8LD)
Runner from 2nd tags up, SAFE at 3rd with throw
Batting: RHB Tae-cho Han 0-0: Foul Ball, location: 2F
0-1: Ball
1-1: Foul Ball, location: 2F
1-2: Ball
2-2: Ball
3-2: DOUBLE (Flyball, 8LXD)
Willie McGirt scores
Batting: SHB Billy Dotson 0-0: Ball
1-0: Ground out 6-3 (Groundball, 6S)
Top of the 6th over - 1 run, 2 hits, 0 errors, 1 left on base; Portland 8 - Phoenix 2
BOTTOM OF THE 6TH
Phoenix Hotspur batting - Pitching for Portland Evergreens : RHP Giovanni Mireles
Batting: RHB Alfredo Pizarro 0-0: Called Strike
0-1: Foul Ball, location: 2F
0-2: Foul Ball, location: 2F
0-2: Ball
1-2: SINGLE (Line Drive, 78M)
Batting: LHB Wagaw Lukongolo 0-0: Ball
1-0: Ball
2-0: Ball
3-0: Called Strike
3-1: Base on Balls
Alfredo Pizarro to second
Pitching: LHP Walt Cooley
Batting: RHB Julián De Paz 0-0: Ball
1-0: Ball
2-0: Ball
3-0: Base on Balls
Alfredo Pizarro to third
Wagaw Lukongolo to second
Batting: RHB Kyle Bywaters 0-0: Ball
1-0: Grounds into double play, 4-6-3 (Groundball, 4)
Alfredo Pizarro scores
Wagaw Lukongolo to third
Batting: RHB Roland Deschain 0-0: Foul Ball, location: 2F
0-1: Ball
1-1: Foul Ball, location: 2F
1-2: Foul Ball, location: 2F
1-2: Foul Ball, location: 2F
1-2: Foul Ball, location: 2F
1-2: Ball
2-2: Ball
3-2: Ground out 1-3 (Groundball, 15S)
Bottom of the 6th over - 1 run, 1 hit, 0 errors, 1 left on base; Portland 8 - Phoenix 3
TOP OF THE 7TH
Portland Evergreens batting - Pitching for Phoenix Hotspur : RHP José Ruíz
Batting: RHB Carlos Cardona 0-0: Foul Ball, location: 2F
0-1: Ball
1-1: Ball
2-1: Foul Ball, location: 2F
2-2: Strikes out swinging
Batting: RHB Wei-qiang Mo 0-0: Called Strike
0-1: Ball
1-1: Ball
2-1: Foul Ball, location: 2F
2-2: Fly out, F9 (Flyball, 9S)
Batting: LHB Shahid Afridi 0-0: Foul Ball, location: 2F
0-1: SINGLE (Groundball, 4D)
Batting: LHB Ramón Garmendia 0-0: Ball
1-0: Fly out, F8 (Flyball, 8RS)
Top of the 7th over - 0 runs, 1 hit, 0 errors, 1 left on base; Portland 8 - Phoenix 3
BOTTOM OF THE 7TH
Phoenix Hotspur batting - Pitching for Portland Evergreens : LHP Walt Cooley
Batting: LHB Francisco García 0-0: Ball
1-0: DOUBLE (Line Drive, 78XD)
Batting: LHB Tadayoshi Watanabe 0-0: Called Strike
0-1: Ball
1-1: Ball
2-1: Foul Ball, location: 2F
2-2: Ball
3-2: DOUBLE (Line Drive, 89D)
Francisco García scores
Batting: RHB Randy Rehling 0-0: Called Strike
0-1: Ball
1-1: Foul Ball, location: 2F
1-2: Strikes out swinging
Batting: RHB Hieronymus Bosch 0-0: Ground out 1-3 (Groundball, P)
Tadayoshi Watanabe to third
Batting: RHB Alfredo Pizarro 0-0: Ball
1-0: Foul Ball, location: 2F
1-1: Ground out 4-3 (Groundball, 34)
Bottom of the 7th over - 1 run, 2 hits, 0 errors, 1 left on base; Portland 8 - Phoenix 4
TOP OF THE 8TH
Portland Evergreens batting - Pitching for Phoenix Hotspur : RHP José Ruíz
Batting: SHB Willie McGirt 0-0: Ball
1-0: Fly out, F8 (Flyball, 89M)
Batting: LHB John Ennis 0-0: Ball
1-0: Fly out, F9 (Flyball, 9)
Batting: RHB Nelson Jaramillo 0-0: Ball
1-0: Ball
2-0: Called Strike
2-1: Fly out, F7 (Line Drive, 78M)
Top of the 8th over - 0 runs, 0 hits, 0 errors, 0 left on base; Portland 8 - Phoenix 4
BOTTOM OF THE 8TH
Phoenix Hotspur batting - Pitching for Portland Evergreens : LHP Walt Cooley
Batting: LHB Wagaw Lukongolo 0-0: Ball
1-0: Called Strike
1-1: Ground out 6-3 (Groundball, 56)
Batting: RHB Julián De Paz 0-0: Called Strike
0-1: Ball
1-1: Called Strike
1-2: Foul Ball, location: 2F
1-2: Ball
2-2: Foul Ball, location: 2F
2-2: Ball
3-2: Ground out 5-3 (Groundball, 56)
Batting: RHB Kyle Bywaters 0-0: Foul Ball, location: 2F
0-1: Ball
1-1: Called Strike
1-2: Ball
2-2: Ball
3-2: Fly out, F8 (Flyball, 78D)
Bottom of the 8th over - 0 runs, 0 hits, 0 errors, 0 left on base; Portland 8 - Phoenix 4
TOP OF THE 9TH
Portland Evergreens batting - Pitching for Phoenix Hotspur : RHP José Ruíz
Pitching: RHP Santiago Alonza
Batting: RHB Tae-cho Han 0-0: Ball
1-0: Ball
2-0: Ball
3-0: Base on Balls
Batting: SHB Billy Dotson 0-0: Ball
1-0: Foul Ball, location: 2F
1-1: SINGLE (Groundball, 6D)
Tae-cho Han to second
Batting: RHB Carlos Cardona 0-0: Called Strike
0-1: Foul Ball, location: 2F
0-2: Strikes out swinging
Batting: RHB Wei-qiang Mo 0-0: Fly out, F9 (Line Drive, 9D)
Runner from 2nd tags up, SAFE at 3rd, no throw
Batting: LHB Shahid Afridi 0-0: Called Strike
0-1: Foul Ball, location: 2F
0-2: Ball
1-2: Fielders Choice at 2nd, 6-4 (Groundball, 6)
Top of the 9th over - 0 runs, 1 hit, 0 errors, 2 left on base; Portland 8 - Phoenix 4
BOTTOM OF THE 9TH
Phoenix Hotspur batting - Pitching for Portland Evergreens : LHP Walt Cooley
Batting: RHB Roland Deschain 0-0: Ball
1-0: Ball
2-0: Called Strike
2-1: Swinging Strike
2-2: Foul Ball, location: 2F
2-2: Strikes out swinging
Batting: LHB Francisco García 0-0: Called Strike
0-1: Ball
1-1: Called Strike
1-2: Strikes out swinging
Batting: LHB Tadayoshi Watanabe 0-0: Called Strike
0-1: Called Strike
0-2: Ball
1-2: Ground out 4-3 (Groundball, 4S)
Bottom of the 9th over - 0 runs, 0 hits, 0 errors, 0 left on base; Portland 8 - Phoenix 4
Tuesday, June 12th, 2018 - OOTP Baseball 18.8 Build 76